AoeStats
← HAKUNA MATATA

Arena

504999558Analyzed
4v4 RM · 25d ago on Sep 7, 2026· 35m 15s· 8 players
Game mode
Random Map
Map size
Large (8 player)
Population
200
Speed
Normal
Resources
Standard
Victory
Conquest
Starting age
Dark Age
Ending age
Imperial Age
RankedLock teamsTeams togetherTeam positionsShared explorationLock speedFull tech treeHidden civsTurbo modeCheats
Victory
Defeat
🇭🇰 Britons · Hong Kong SAR China
1555
+10
🇹🇼 Cumans · Taiwan
1381
+17
1371
+17
🇹🇷 Bengalis · Türkiye
1362
+18
🇨🇳 Persians · China
1428
-16
🇭🇰 Khmer · Hong Kong SAR China
1425
-16
🇹🇼 Italians · Taiwan
1415
-16
🇯🇵 Chinese · Japan
1370
-14
totoro1396
11:08 Feudal Age
11:48 Double-Bit Axe
15:10 Castle Age
13:48 Horse Collar
16:32 Bow Saw
18:55 Loom
19:14 Stone Mining
22:16 Heavy Plow
25:53 Wheelbarrow
大平果是小菜鸡父亲
9:50 Feudal Age
13:04 Castle Age
11:33 Double-Bit Axe
12:20 Horse Collar
14:13 Bow Saw
18:48 Wheelbarrow
19:05 Heavy Plow
21:08 Hand Cart
21:35 Gold Mining
27:16 Imperial Age
26:02 Scale Barding Armor
26:15 Husbandry
26:28 Forging
26:22 Loom
26:55 Bloodlines
27:08 Chain Barding Armor
28:12 Iron Casting
27:25 Elite Battle Elephant
28:44 Crop Rotation
29:23 Plate Barding Armor
30:59 Conscription
32:14 Tusk Swords
shi nong gong shang
0:29 Loom
10:18 Feudal Age
14:26 Castle Age
12:55 Double-Bit Axe
14:07 Horse Collar
15:40 Bow Saw
16:28 Heavy Plow
20:17 Wheelbarrow
19:43 Gold Mining
21:05 Gold Shaft Mining
22:40 Hand Cart
27:08 Imperial Age
25:13 Stone Mining
26:48 Stone Shaft Mining
26:44 Town Watch
27:06 Fletching
27:17 Padded Archer Armor
27:47 Bodkin Arrow
28:13 Thumb Ring
28:12 Padded Archer Armor
29:16 Two-Man Saw
28:02 Capped Ram
小飞舞
10:37 Feudal Age
9:08 Loom
15:06 Castle Age
14:41 Double-Bit Axe
14:37 Horse Collar
16:47 Wheelbarrow
16:34 Bow Saw
25:18 Gold Mining
26:25 Heavy Plow
26:36 Stone Mining
27:23 Wheelbarrow
31:22 Imperial Age
29:35 Gold Shaft Mining
29:37 Stone Shaft Mining
31:52 Forging
32:15 Hand Cart
31:25 Onager
33:06 Conscription
32:54 Scale Barding Armor
33:07 Devotion
ggsadpom,sdf
8:54 Feudal Age
9:48 Double-Bit Axe
10:12 Horse Collar
20:26 Castle Age
18:45 Scale Barding Armor
19:13 Forging
19:23 Loom
19:52 Bloodlines
20:38 Capped Ram
22:41 Chain Barding Armor
24:42 Wheelbarrow
26:10 Town Watch
27:15 Bow Saw
28:24 Light Cavalry
32:29 Imperial Age
31:55 Gold Mining
31:56 Stone Mining
32:44 Heavy Plow
33:45 Iron Casting
33:48 Plate Barding Armor
32:38 Cavalier
34:42 Plate Barding Armor
LagiPup
11:12 Feudal Age
14:57 Castle Age
13:25 Double-Bit Axe
13:41 Horse Collar
23:30 Imperial Age
20:47 Loom
22:35 Fletching
25:20 Bodkin Arrow
28:27 Wheelbarrow
28:35 Ballistics
28:57 Padded Archer Armor
29:45 Town Watch
30:23 Bracer
30:37 Bow Saw
32:46 Elite Longbowman
34:51 Hand Cart
34:57 Gold Mining
✬得↗劲儿↘魔法✬~
10:53 Feudal Age
14:35 Castle Age
13:37 Double-Bit Axe
14:17 Loom
14:39 Horse Collar
15:32 Bow Saw
17:57 Fervor
18:55 Sanctity
19:59 Wheelbarrow
22:11 Heavy Plow
26:13 Hand Cart
25:47 Town Watch
27:20 Gold Mining
30:41 Imperial Age
28:40 Scale Mail Armor
28:51 Forging
29:19 Gold Shaft Mining
28:38 Stone Mining
29:52 Chain Mail Armor
29:18 Pikeman
29:59 Squires
29:45 Arson
30:57 Iron Casting
30:46 Ballistics
30:37 Masonry
30:04 Halberdier
31:41 Conscription
31:59 Plate Mail Armor
32:33 Chemistry
32:39 Block Printing
32:50 Illumination
33:02 Theocracy
33:30 Blast Furnace
32:53 Town Patrol
32:38 Man-at-Arms
33:03 Gambesons
34:27 Redemption
34:14 Herbal Medicine
34:19 Atonement
35:25 Fletching
35:35 Padded Archer Armor
35:41 Scale Barding Armor
HAKUNA MATATA
10:20 Feudal Age
14:24 Castle Age
12:52 Horse Collar
14:35 Double-Bit Axe
16:51 Bow Saw
20:33 Town Watch
20:34 Loom
23:54 Heavy Plow
23:54 Gold Mining
23:59 Stone Mining
29:38 Imperial Age
28:05 Wheelbarrow
27:51 Husbandry
28:01 Bloodlines
28:33 Scale Barding Armor
29:12 Forging
29:54 Elite Battle Elephant
32:23 Chain Barding Armor
33:26 Iron Casting
33:45 Plate Barding Armor
34:13 Pikeman
34:53 Squires
34:39 Arson
34:39 Gambesons
35:58 Blast Furnace
34:58 Scale Mail Armor
35:04 Halberdier
Connection lost

Rejoining the realm…

Still unreachable

The connection could not be restored.

Session expired

The server has moved on; the page needs a fresh start.